 Dungeon Crawl Stone Soup version 0.30-a0-56-ge6a4009bfd (webtiles) character file.

Game seed: 16027376373491568911

79 Newt the Trooper (level 4, 0/55 HPs)
             Began as a Demonspawn Gladiator on Sept 10, 2022.
             Killed from afar by an orc wizard (5 damage)
             ... with a puff of flame
             ... on level 3 of the Dungeon.
             The game lasted 00:02:34 (1876 turns).

Newt the Trooper (Demonspawn Gladiator)             Turns: 1876, Time: 00:02:34

Health: 0/55       AC: 22    Str: 14    XL:     4   Next: 17%
Magic:  4/4        EV:  2    Int: 10    God:
Gold:   111        SH:  0    Dex: 14    Spells: 3/3 levels left

rFire   . . .      SeeInvis .    j - +3 dagger (pain)
rCold   . . .      Faith    .    (no shield)
rNeg    . . .      Spirit   .    (body armour currently unavailable)
rPois   +          Reflect  .    (helmet currently unavailable)
rElec   .          Harm     .    (cloak currently unavailable)
rCorr   .          Rampage  .    (gloves currently unavailable)
Will    .....      NoTele   +    (boots currently unavailable)
Stlth   ++........               (no amulet)
HPRegen 0.18/turn                f - +4 ring of evasion
MPRegen 0.09/turn                (no ring)

@: brilliant, tree-form
A: stationary, stasis, torment immunity, boosted hp, powered by death 1,
(antennae 1), (electricity resistance), weak 1
a: no special abilities


You were on level 3 of the Dungeon.
You were a tree.
You visited 1 branch of the dungeon, and saw 3 of its levels.

You collected 111 gold pieces.

Inventory:

Hand Weapons
 a - a +0 rapier
 j - a +3 dagger of pain (weapon)
Missiles
 d - 3 throwing nets (quivered)
Armour
 b - a +0 leather armour (melded)
 c - a +0 helmet (melded)
Jewellery
 f - a +4 ring of evasion (left branch)
Scrolls
 h - a scroll of identify {unknown}
 k - a scroll of noise {unknown}
 l - a scroll of fog
 n - a scroll of magic mapping {unknown}
Potions
 i - a potion of brilliance


   Skills:
 + Level 3.9 Fighting
 - Level 2.6 Short Blades
 - Level 1.7 Throwing
 - Level 2.6 Dodging
 - Level 2.0 Stealth


You had 3 spell levels left.
You didn't know any spells.
Your spell library contained the following spells:

 Spells                   Type           Power      Damage    Failure   Level
 Conjure Ball Lightning   Conj/Air       0%         3x3d6     100%        6
 Discord                  Hex            0%         N/A       100%        8
 Disjunction              Tloc           0%         N/A       100%        8


Dungeon Overview and Level Annotations

Branches:
Dungeon (3/15)

Altars:
Ashenzari


Innate Abilities, Weirdness & Mutations

You are a tree.
Your roots penetrate the ground, keeping you stationary.
You cannot be teleported.
You are immune to unholy pain and torment.
Your maximum health is greatly increased.
Your equipment is partially melded.
You regenerate a little health from kills.
((You have a pair of small antennae on your head.))
((You are resistant to electric shocks. (rElec)))
You are weak. (Str -2)


Message History

The orc wizard is moderately wounded.
You hit the orc wizard.
The orc wizard is heavily wounded.
You closely miss the orc wizard.
The orc wizard is heavily wounded.
The orc wizard casts a spell at you.
The magic dart hits you but does no damage.
You hit the orc wizard but do no damage.
The orc wizard is heavily wounded.
The orc wizard barely misses you.
You barely miss the orc wizard.
The orc wizard is moderately wounded.
The orc wizard casts a spell.
The orc wizard flickers and vanishes!
Deactivating autopickup; reactivate with Ctrl-A.
You cannot move.
You cannot move.
You cannot move.
You cannot move.
You cannot move.
You cannot move.
You miss something. Something hits you.
* * * LOW HITPOINT WARNING * * *
You hit something but do no damage. Something hits you but does no damage.
It was a potion of mutation.
You feel extremely strange.
You feel weaker.
You feel insulated. A pair of antennae grows on your head!
Something hits you but does no damage.
Unknown command.
You closely miss something. Something hits you but does no damage.
You closely miss something. You hit something.
Something hits you but does no damage.
You closely miss something. Something hits you but does no damage.
You miss something.
You hear some strange, mumbled words.
Something tries to affect you, but you resist.
You miss something.
You hear some strange, mumbled words.
A puff of flame appears from out of thin air!
The puff of flame hits you.
You die...

#.##...........# #.#
#.##..#........######.#
#......>.##.##.#......#
####....<##.##.#.######
######.##....##.#.#
#####...##.##.##.##.#.#
.....###.#............# .....#
#.####.......### .....###.#
####♣#### .##.....## ##{##
.##..#.## #.oo# #.#. .##..#.#
#...#### #.#.#### .......#
#...##.## #....... ###..###
#####...#.#.## #......#
.......####........)o..####.....#
.##............>..........#..#..{
[ #....####............##.#......


You could see 2 orcs.

Vanquished Creatures
  3 adders
  A worm (D:2)
  6 orcs (D:3)
  A ball python (D:2)
  An endoplasm (D:3)
  A giant cockroach (D:3)
  4 goblins
  5 hobgoblins (D:2)
  4 jackals (D:2)
  6 kobolds
  2 quokkas (D:2)
  4 bats
  A frilled lizard (D:3)
  2 rats (D:2)
41 creatures vanquished.

Notes
Turn   | Place    | Note
-------+----------+-------------------------------------------
     0 | D:1      | Newt the Demonspawn Gladiator began the quest for the Orb.
     0 | D:1      | Reached XP level 1. HP: 16/16 MP: 1/1
    29 | D:1      | You fall into a shaft and drop 1 floor!
    56 | D:2      | Reached skill level 1 in Stealth
   227 | D:2      | Gained mutation: You regenerate a little health from kills.
                  | [demonic ancestry]
   227 | D:2      | Reached XP level 2. HP: 22/22 MP: 2/2
   603 | D:2      | Reached XP level 3. HP: 17/28 MP: 3/3
  1038 | D:2      | Reached skill level 3 in Fighting
  1596 | D:3      | Reached XP level 4. HP: 30/37 MP: 4/4
  1719 | D:3      | Found a broken altar of Ashenzari.
  1870 | D:3      | Gained mutation: You are weak. (Str -2) [potion of
                  | mutation]
  1870 | D:3      | Gained mutation: You are resistant to electric shocks.
                  | (rElec) [potion of mutation]
  1870 | D:3      | Gained mutation: You have a pair of small antennae on your
                  | head. [potion of mutation]
  1876 | D:3      | Killed from afar by an orc wizard

Illustrated notes

Levels and vault maps discovered:
D:1:      dpeg_arrival_simpleton_a, layout_basic,
          hellmonk_ecumenical_altar_inner_sanctum, serial_shops, shop,
          nicolae_concentric_dashed_squares_wild
D:2:      layout_loops_cross
D:3:      layout_loops_cross, cheibrodos_ashenzari_chains

Skill      XL: |  1  2  3 |
---------------+----------+-----
Stealth        | 1 2 |  2.0
Fighting       | 3 |  3.9
Short Blades   | |  2.6
Throwing       | |  1.7
Dodging        | |  2.6

Action                   |  1- 3 |  4- 6 || total
-------------------------+-------+-------++-------
Melee: Rapier            |    55 |       ||    55
       Dagger            |    77 |    33 ||   110
       Punch             |     2 |       ||     2
Throw: Javelin           |       |     1 ||     1
  Use: Scroll            |     2 |       ||     2
       Potion            |       |     3 ||     3
 Stab: Sleeping          |     5 |     1 ||     6
Armor: Leather armour    |    28 |    11 ||    39
       Skin              |       |     7 ||     7
Dodge: Dodged            |   118 |    14 ||   132

Table legend: (Time is in decaauts)
 A = Elapsed time spent in this place.
 B = Non-inter-level travel time spent in this place.
 C = Inter-level travel time spent in this place.
 D = Time resting spent in this place.
 E = Time spent auto-exploring this place.
 F = Levels seen in this place.
 G = Mean time per level.
                   A        B        C        D        E       F      G
               +--------+--------+--------+--------+--------+-----+--------+
         Total |   1863 |   1859 |      4 |    227 |   1280 |   3 |  621.0 |
       Dungeon |   1863 |   1859 |      4 |    227 |   1280 |   3 |  621.0 |
               +--------+--------+--------+--------+--------+-----+--------+

Top non-repeatable levels by time:
     D:2: 1043 daAuts
     D:3: 791 daAuts
     D:1: 28 daAuts
